 Seeded DCSS version 0.26-a0-1022-g0dd55e0 (webtiles) character file.

Game seed: 4540930541538424394 (custom seed)

40873 MercyWheel the Severer (level 14, -9/129 HPs)
             Began as a Hill Orc Brigand on Dec 6, 2020.
             Was a High Priest of Makhleb.
             Killed by divine providence
             ... invoked by an orc high priest
              (16 damage)
             ... on level 2 of the Orcish Mines on Dec 8, 2020.
             The game lasted 01:10:06 (22936 turns).

MercyWheel the Severer (Hill Orc Brigand)          Turns: 22936, Time: 01:10:06

Health: -9/129     AC: 15    Str: 17    XL:     14   Next: 12%
Magic:  24/24      EV:  7    Int: 17    God:    Makhleb [*****.]
Gold:   2305       SH:  5    Dex: 14    Spells: 13/13 levels left

rFire    + . .     SeeInvis .   F - +3 battleaxe (elec)
rCold    . . .     Faith    .   (shield currently unavailable)
rNeg     . . .     Spirit   .   H - +2 chain mail of Indecent Exposure {rCorr}
rPois    .         Reflect  +   N - +1 helmet
rElec    .         Harm     .   c - +0 cloak
rCorr    +         Rampage  .   (no gloves)
Will     +....                  (no boots)
Stlth    ..........             U - amulet of reflection
HPRegen  0.31/turn              C - ring of resist corrosion
MPRegen  0.19/turn              W - +6 ring of intelligence

@: no status effects
A: claws 1, fire resistance 1
a: Minor Destruction, Lesser Servant of Makhleb, Major Destruction, Greater
Servant of Makhleb, Renounce Religion, Convert to Beogh


You were on level 2 of the Orcish Mines.
You worshipped Makhleb.
Makhleb was extremely pleased with you.
You visited 4 branches of the dungeon, and saw 18 of its levels.
You also visited: Sewer and Bailey.

You collected 2305 gold pieces.

Inventory:

Hand Weapons
 q - the +8 hunting sling of the Past {venom, rF+ Int+2}
   (You found it on level 7 of the Dungeon)

   It poisons the ammo it fires.
   It affects your intelligence (+2).
   It protects you from fire.
 F - a +3 battleaxe of electrocution (weapon)
 K - the +0 spear of Xecredi {speed, SInv}
   (You found it on level 4 of the Dungeon)

   Attacks with this weapon are significantly faster.
   It lets you see invisible.
 Q - a +0 war axe
 V - the +7 hunting sling of Hospitality {venom, rC+}
   (You found it on level 6 of the Dungeon)

   It poisons the ammo it fires.
   It protects you from cold.
Missiles
 d - 41 poisoned darts
 e - 2 curare-tipped darts
 o - 2 atropa-tipped darts
 J - 69 boomerangs
 L - 3 throwing nets
 P - 6 javelins
 X - 78 sling bullets
 Y - 90 stones (quivered ammo)
Armour
 b - a +0 robe
 c - a +0 cloak (worn)
 l - a +0 leather armour
 w - a +3 leather armour
 H - the +2 chain mail of Indecent Exposure (worn) {rCorr}
   (You found it on level 4 of the Dungeon)

   It provides partial protection from all sources of acid and corrosion.
 I - a +2 chain mail of cold resistance
 N - a +1 helmet (worn)
 O - a +3 buckler
Jewellery
 k - an uncursed ring of protection from cold
 C - a ring of resist corrosion (left claw)
 U - an amulet of reflection (around neck)
 W - a +6 ring of intelligence (right claw)
Wands
 f - a wand of digging (11)
 m - a wand of polymorph (19)
 x - a wand of iceblast (3)
 y - a wand of acid (12)
 B - a wand of random effects (40)
 G - a wand of paralysis (3)
 S - a wand of flame (20)
Scrolls
 g - 3 scrolls of amnesia {unknown}
 h - 5 scrolls of blinking
 j - 3 scrolls of magic mapping
 n - 3 scrolls of enchant weapon {unknown}
 s - 2 scrolls of fog {unknown}
 t - 10 scrolls of identify
 u - 7 scrolls of teleportation
 v - 10 scrolls of remove curse
 D - 3 scrolls of vulnerability {unknown}
 R - a scroll of random uselessness {unknown}
Potions
 i - 6 potions of lignification
 p - a potion of brilliance
 A - 2 potions of attraction
 E - 2 potions of flight
 M - a potion of magic
 Z - a potion of mutation
Miscellaneous
 a - a condenser vane
 r - a phantom mirror


   Skills:
 - Level 13.1 Fighting
 - Level 2.0 Short Blades
 - Level 16.0 Axes
 - Level 9.5(10.0) Slings
 - Level 5.0(7.9) Throwing
 - Level 5.1 Armour
 - Level 0.7 Dodging
 - Level 3.2 Stealth
 - Level 4.2 Shields
 * Level 13.8 Invocations
 - Level 1.1 Evocations


You had 13 spell levels left.
You didn't know any spells.
Your spell library contained the following spells:

 Spells                   Type           Power        Failure   Level
 Animate Skeleton         Necr           #.....       97%         1
 Apportation              Tloc           #.....       97%         1
 Corona                   Hex            #......      97%         1
 Freeze                   Ice            #...         97%         1
 Sandblast                Erth           #.....       97%         1
 Summon Small Mammal      Summ           #...         97%         1
 Call Imp                 Summ           #.......     99%         2
 Ensorcelled Hibernation  Hex/Ice        #.....       99%         2
 Passwall                 Tmut/Erth      #.......     99%         2
 Poisonous Vapours        Pois/Air       #.....       99%         2
 Confusing Touch          Hex            #.......     100%        3
 Dazzling Flash           Conj/Hex       #.....       100%        3
 Frozen Ramparts          Ice            #.....       100%        3
 Mephitic Cloud           Conj/Pois/Air  #.......     100%        3
 Ozocubu's Armour         Ice            #.......     100%        3
 Spider Form              Tmut/Pois      #.........   100%        3
 Stone Arrow              Conj/Erth      #.....       100%        3
 Tukima's Dance           Hex            #.......     100%        3
 Hailstorm                Conj/Ice       #.......     100%        4
 Petrify                  Tmut/Erth      #.......     100%        4
 Summon Ice Beast         Ice/Summ       #.......     100%        4
 Lee's Rapid Deconstruct  Erth           #.........   100%        5
 Summon Forest            Summ/Tloc      #.........   100%        5


Dungeon Overview and Level Annotations

Branches:
Dungeon (12/15)            Temple (1/1) D:4            Lair (3/6) D:11
 Shoals (0/4) Lair:2       Spider (0/4) Lair:2          Orc (2/2) D:12
    Elf (0/3) Orc:2         Sewer (visited)          Bailey (visited)

Altars:
Ashenzari
Cheibriados
Dithmenos
Elyvilon
Fedhas
Gozag
Hepliaklqana
Kikubaaqudgha
Makhleb
Nemelex Xobeh
Okawaru
Qazlal
Ru
Sif Muna
Trog
Uskayaw
Vehumet
Wu Jian
Xom
Yredelemnul
Zin
The Shining One

Shops:
Orc:2 *!

Annotations:
D:3 1 runed translucent door, Grinder; mikevdg's ghost, amateur HOBr
D:6 2 transporters
D:7 1 transporter, Shadowblade's ghost, novice HOBr


Innate Abilities, Weirdness & Mutations

You have sharp fingernails.
Your flesh is heat resistant. (rF+)


Message History

* * * LOW HITPOINT WARNING * * *
The orc high priest hits you but does no damage.
Your balrug hits the orc high priest with a +0 demon whip.
The orc high priest is engulfed in flames!
The orc high priest shouts, "Beogh is our master!
Accept the truth or die!"
You feel better.
The soul eater burns!
The soul eater stops burning.
Your balrug closely misses the orc high priest.
The soul eater draws from the surrounding life force!
* * * LOW HITPOINT WARNING * * *
The soul eater is healed.
The orc high priest closely misses your balrug.
The orc priest hits your balrug with a +0 hand axe.
Your balrug hits the orc priest with a +0 demon whip!!
The orc priest dies!
Makhleb accepts your kill.
You closely miss the soul eater.
The soul eater is severely wounded.
The orc high priest calls down the wrath of Beogh upon you.
Beogh smites you!
You die...

##..#.#).####..#..........
##.........###.............
##...#.#.#...###............ ###
##.............###...........
#.###..#.#.)...#.#.)####.#......#
.###..##....#....##.)###...)....#
###..###...###)..###.)###........
##..###...## ##...###))###.#.....
#..###...## ##@24###).##...)..#
..###.))## ##3o.###)...".....
.###...## ##o..###.........
###.#)## ##4#.###.......# ##...##
##)..###......# ###.#
#†#.###......## .### #.3
###......... ..## #o..
#...#...... ...##
#...####..........


You could see a soul eater, an orc high priest, an orange demon (summoned), a
chaos spawn, an orc sorcerer and a friendly balrug (summoned).

Vanquished Creatures
  Rupert (Orc:2)
  A stone giant (Orc:2)
  2 hydras
  2 two-headed ogres
  2 death yaks
  A tengu warrior (D:12)
  2 orc high priests
  A soul eater (Orc:2)
  4 skeletal warriors
  2 unseen horrors (D:12)
  3 orc knights
  An orc sorcerer (Orc:1)
  A deep elf mage (D:9)
  2 oklob plants (Lair:2)
  3 ugly things
  3 black mambas
  A slime creature (D:12)
  A rust devil (Orc:2)
  A molten gargoyle (D:11)
  4 cane toads
  A torpor snail (Lair:1)
  2 gargoyles
  A rime drake (Lair:2)
  5 trolls
  5 komodo dragons (Lair:2)
  A tengu conjurer (D:12)
  A hornet (D:12)
  A tarantella (Lair:2)
  4 wyverns
  22 yaks
  A basilisk (Lair:2)
  3 vampire mosquitoes
  A soldier ant (D:12)
  3 wargs
  3 water moccasins
  3 black bears
  Purgy (Sewer)
  3 ice beasts
  4 sky beasts
  30 orc warriors
  A phantom (D:10)
  13 ogres
  3 wolves (Lair:1)
  8 centaurs
  16 bullfrogs
  9 gnoll sergeants
  2 scorpions
  15 killer bees
  8 wights
  7 howler monkeys
  10 hounds
  6 gnoll shamans (Bailey)
  27 orc priests
  2 centaur zombies
  3 jellies
  15 orc wizards
  2 bullfrog skeletons
  2 centaur skeletons
  6 iguanas
  3 worker ants
  A killer bee zombie (D:5)
  A hound zombie (D:6)
  2 hound skeletons
  A howler monkey zombie (D:6)
  18 gnolls
  15 adders
  2 river rats (D:4)
  2 shadow imps
  A white imp (D:9)
  An ufetubus (D:5)
  An ooze (D:2)
  An adder zombie (D:7)
  An adder skeleton (D:7)
  2 worms
  4 dart slugs
  6 leopard geckos
  60 orcs
  13 giant cockroaches
  2 hobgoblins
  14 jackals
  7 kobolds
  6 quokkas
  3 ball pythons
  12 bats
  8 frilled lizards
  10 goblins
  A leopard gecko zombie (D:6)
  A quokka zombie (D:8)
  10 rats
497 creatures vanquished.

Vanquished Creatures (collateral kills)
  A fire dragon (D:11)
  An orc priest (Orc:2)
2 creatures vanquished.

Vanquished Creatures (others)
  4 fungi
  12 plants
  2 withered plants (D:3)
18 creatures vanquished.

Grand Total: 517 creatures vanquished

Notes
Turn   | Place    | Note
-------+----------+-------------------------------------------
     0 | D:1      | MercyWheel the Hill Orc Brigand began the quest for the
                  | Orb.
     0 | D:1      | Reached XP level 1. HP: 18/18 MP: 1/1
   193 | D:1      | Reached XP level 2. HP: 26/26 MP: 2/2
   568 | D:1      | Reached XP level 3. HP: 33/33 MP: 3/3
   569 | D:1      | Upgraded the game from 0.26-a0-1002-g7355149 to
                  | 0.26-a0-1013-gf6ffb0d
  1150 | D:2      | Reached XP level 4. HP: 31/41 MP: 4/4
  1333 | D:2      | Reached skill level 5 in Fighting
  1500 | D:2      | Found an opulent altar of Gozag.
  1504 | D:2      | Found a sparkling altar of Nemelex Xobeh.
  2458 | D:3      | Found a runed translucent door.
  2458 | D:3      | Noticed mikevdg's ghost (amateur HOBr)
  2790 | D:3      | Noticed Grinder
  2793 | D:3      | Paralysed by Grinder for 5 turns
  2976 | D:4      | Found a shadowy altar of Dithmenos.
  3009 | D:4      | Reached XP level 5. HP: 45/48 MP: 5/5
  3258 | D:4      | Found a glowing drain.
  3266 | Sewer    | Entered a sewer
  3453 | Sewer    | Noticed Purgy
  3470 | Sewer    | Killed Purgy
  3471 | Sewer    | Reached XP level 6. HP: 48/56 MP: 6/6
  3734 | D:4      | Found a staircase to the Ecumenical Temple.
  3780 | Temple   | Entered the Ecumenical Temple
  4208 | Temple   | Became a worshipper of Makhleb the Destroyer
  4303 | D:4      | Got a smoking chain mail
  4405 | D:4      | Identified the +2 chain mail of Indecent Exposure {rCorr}
                  | (You found it on level 4 of the Dungeon)
  4528 | D:4      | Found a white marble altar of Elyvilon.
  4651 | D:4      | Got a pitted spear
  4652 | D:4      | Identified the +0 spear of Xecredi {speed, SInv} (You found
                  | it on level 4 of the Dungeon)
  4762 | D:5      | Entered Level 5 of the Dungeon
  4891 | D:5      | Reached XP level 7. HP: 56/64 MP: 7/7
  4902 | D:5      | Reached skill level 5 in Throwing
  5242 | D:5      | Reached skill level 1 in Evocations
  5518 | D:5      | Reached skill level 1 in Invocations
  5690 | D:5      | Found a bloodstained altar of Trog.
  5733 | D:5      | Reached skill level 2 in Axes
  6117 | D:5      | Reached skill level 3 in Axes
  6357 | D:6      | Reached skill level 4 in Axes
  6363 | D:6      | Reached * piety under Makhleb
  6402 | D:6      | Found a transporter.
  6406 | D:6      | Noticed a boulder beetle
  6409 | D:6      | Found a transporter.
  6430 | D:6      | Found a blossoming altar of Fedhas.
  6495 | D:6      | Reached skill level 5 in Axes
  6495 | D:6      | Reached XP level 8. HP: 66/73 MP: 9/9
  6742 | D:6      | Reached skill level 6 in Axes
  7079 | D:6      | Reached skill level 7 in Axes
  7220 | D:6      | Found a blossoming altar of Fedhas.
  7235 | D:6      | Found a radiant altar of Vehumet.
  7239 | D:6      | Reached skill level 8 in Axes
  7251 | D:6      | Found a shadowy altar of Dithmenos.
  7251 | D:6      | Found a hide-covered altar of Uskayaw.
  7251 | D:6      | Found a snail-covered altar of Cheibriados.
  7301 | D:6      | Got an iridescent hunting sling
  7307 | D:6      | Identified the +7 hunting sling of Hospitality {venom, rC+}
                  | (You found it on level 6 of the Dungeon)
  7759 | D:6      | Reached skill level 1 in Slings
  8049 | D:7      | Reached XP level 9. HP: 77/79 MP: 10/10
  8114 | D:7      | Reached ** piety under Makhleb
  8196 | D:7      | Noticed Shadowblade's ghost (novice HOBr)
  8201 | D:7      | Found a transporter.
  8363 | D:7      | Gained mutation: Your flesh is heat resistant. (rF+)
                  | [potion of mutation]
  8363 | D:7      | Gained mutation: You have sharp fingernails. [potion of
                  | mutation]
  8363 | D:7      | Gained mutation: You are clumsy. (Dex -2) [potion of
                  | mutation]
  8363 | D:7      | Lost mutation: You are clumsy. (Dex -2) [potion of
                  | mutation]
  8365 | D:7      | Got a slimy hunting sling
  8366 | D:7      | Identified the +8 hunting sling of the Past {venom, rF+
                  | Int+2} (You found it on level 7 of the Dungeon)
  8583 | D:7      | Reached skill level 5 in Slings
  9429 | D:8      | Reached *** piety under Makhleb
  9497 | D:8      | Found a flagged portal.
  9512 | Bailey   | Entered a bailey
  9762 | Bailey   | Reached XP level 10. HP: 86/86 MP: 11/11
  9769 | Bailey   | Reached skill level 1 in Armour
  9960 | Bailey   | Reached **** piety under Makhleb
 10488 | D:9      | Reached skill level 5 in Armour
 10614 | D:9      | Reached skill level 5 in Invocations
 10811 | D:9      | Noticed a deep elf mage
 10817 | D:9      | Noticed a smoke demon
 10828 | D:9      | Killed a deep elf mage
 11433 | D:9      | Found an opulent altar of Gozag.
 11547 | D:9      | Noticed a two-headed ogre
 11556 | D:9      | Killed a two-headed ogre
 11677 | D:9      | Reached XP level 11. HP: 93/95 MP: 17/17
 11738 | D:8      | Reached ***** piety under Makhleb
 11739 | D:8      | Reached skill level 10 in Fighting
 12062 | D:9      | Found a stormy altar of Qazlal.
 12063 | D:9      | Found an ornate altar of the Wu Jian Council.
 12083 | D:10     | Entered Level 10 of the Dungeon
 12138 | D:10     | Reached skill level 1 in Shields
 12836 | D:10     | Identified Sif Muna's Incunabulum of Creative Poisoning
 13134 | D:11     | Reached skill level 9 in Axes
 13245 | D:11     | Noticed a red ugly thing
 13255 | D:11     | Killed a red ugly thing
 13390 | D:11     | Reached skill level 10 in Axes
 13713 | D:11     | Noticed a fire dragon
 13736 | D:11     | Killed a fire dragon
 13737 | D:11     | Reached skill level 11 in Axes
 13992 | D:11     | Found a staircase to the Lair.
 14459 | D:12     | Noticed a two-headed ogre
 14466 | D:12     | Killed a two-headed ogre
 14467 | D:12     | Reached XP level 12. HP: 106/106 MP: 18/18
 14473 | D:12     | Reached skill level 12 in Axes
 14631 | D:12     | Noticed a tengu warrior
 14657 | D:12     | Killed a tengu warrior
 14658 | D:12     | Reached skill level 13 in Axes
 14798 | D:12     | Paralysed by a hornet for 3 turns
 15248 | D:11     | Upgraded the game from 0.26-a0-1013-gf6ffb0d to
                  | 0.26-a0-1022-g0dd55e0
 15993 | Lair:1   | Entered Level 1 of the Lair of Beasts
 16495 | Lair:1   | Noticed a death yak
 16495 | Lair:1   | Noticed a death yak
 16585 | D:11     | Killed a death yak
 16586 | D:11     | Reached skill level 14 in Axes
 16674 | Lair:1   | Killed a death yak
 17103 | Lair:1   | Got an ancient long sword
 17104 | Lair:1   | Identified the +3 long sword of Cowardice {freeze, +Fly rF+
                  | rC+} (You found it on level 1 of the Lair of Beasts)
 17272 | Lair:2   | Reached skill level 15 in Axes
 17581 | Lair:2   | Found a staircase to the Shoals.
 17656 | Lair:2   | Noticed a five-headed hydra
 17705 | Lair:2   | Killed a five-headed hydra
 18373 | Lair:2   | Found a hole to the Spider Nest.
 18446 | Lair:2   | Reached XP level 13. HP: 103/113 MP: 20/20
 18631 | Lair:2   | Reached skill level 10 in Invocations
 18903 | Lair:2   | Reached skill level 16 in Axes
 20460 | D:12     | Found a staircase to the Orcish Mines.
 20569 | Orc:1    | Entered Level 1 of the Orcish Mines
 21036 | Orc:1    | Reached ****** piety under Makhleb
 21234 | Orc:2    | Entered Level 2 of the Orcish Mines
 21352 | Orc:2    | Noticed Rupert
 21378 | Orc:2    | Killed Rupert
 21522 | Orc:2    | Found a staircase to the Elven Halls.
 21528 | Orc:2    | Noticed a stone giant
 21540 | Orc:2    | Killed a stone giant
 22283 | Orc:2    | Reached XP level 14. HP: 110/129 MP: 23/23
 22365 | Orc:2    | Found Helun's Distillery.
 22550 | Orc:2    | Found Vaveqeh's General Store.
 22936 | Orc:2    | Killed from afar by an orc high priest

Illustrated notes

Levels and vault maps discovered:
D:1:      heliophobic_arrival_dark_side_of_the_moon, layout_basic,
          minmay_misc_feat_iff
D:2:      layout_basic, grunt_temple_overflow_opulence, minmay_pentomino_s4
D:3:      layout_basic, gammafunk_ghost_grave, uniq_grinder
D:4:      layout_basic, elyvilon_altar_4, minmay_temple_entry_stoned_glass,
          portal_sewer_entry_e, grunt_dithmenos_smoke
D:5:      layout_layer_cave, basic_altar, minmay_misc_feat_pillars
D:6:      layout_loops_ring, grunt_temple_overflow_open,
          gammafunk_temple_overflow_arena, fedhas_altar_2
D:7:      layout_basic, gammafunk_ghost_smash
D:8:      layout_loops_ring, enter_bailey_5
D:9:      layout_cave_pods, gammafunk_temple_overflow_statue, basic_altar,
          st_stairs_3, guppyfry_early_elven_hall
D:10:     layout_loops_ring
D:11:     dragon1_lemuel, layout_stronghold, lair_entry_dummy
D:12:     layout_loops_ring, orc_0_dummy, enter_trove_3, serial_glass,
          glass_columns_a, glass_columns_b
Temple:   minmay_temple_forest_path
Lair:1:   layout_regular_city, ldierk_geyser, serial_bayou_pond_d,
          chequers_serial_rivers_large_a
Lair:2:   dpeg_oklob_gauntlet, layout_big_grid, minmay_shoals_entry_centaurs,
          spider_nest_entry_rubble
Lair:3:   layout_gridlike, bobbens_dragon_lair_wall, serial_bayou_shore_b
Orc:1:    layout_caves
Orc:2:    pf_orc_diabolical, layout_caves, uniq_rupert

Skill      XL: |  1  2  3  4  5  6  7  8  9 10 11 12 13 14 |
---------------+-------------------------------------------+-----
Fighting       | 3 4 5 6 7 8 10 13 | 13.1
Throwing       | 2 4 5 |  5.0
Evocations     | 1 |  1.1
Invocations    | 1 8 9 12 13 | 13.8
Axes           | 5 8 11 15 16 | 16.0
Slings         | 3 8 9 |  9.5
Armour         | 5 |  5.1
Shields        | 4 |  4.2
Short Blades   | |  2.0
Dodging        | |  0.7
Stealth        | |  3.2

Action                   |  1- 3 |  4- 6 |  7- 9 | 10-12 | 13-15 || total
-------------------------+-------+-------+-------+-------+-------++-------
Melee: Dagger            |   103 |   222 |       |       |       ||   325
       Spear             |       |    31 |   165 |    29 |    19 ||   244
       Short sword       |       |    21 |       |       |       ||    21
       War axe           |       |       |   132 |   203 |   133 ||   468
       Hunting sling     |       |       |       |     2 |       ||     2
       Battleaxe         |       |       |       |       |   118 ||   118
 Fire: Hunting sling     |       |       |   192 |   631 |   279 ||  1102
Throw: Dart              |    15 |    41 |    33 |    14 |       ||   103
       Throwing net      |       |       |       |     3 |       ||     3
       Javelin           |       |       |       |       |     6 ||     6
       Boomerang         |       |       |       |       |     2 ||     2
Invok: Major Destruction |       |       |       |     2 |       ||     2
       Lesser Servant of |       |       |       |     4 |       ||     4
       Greater Servant o |       |       |       |       |     2 ||     2
Evoke: Wand              |       |       |     1 |     9 |       ||    10
  Use: Scroll            |       |     1 |     2 |    12 |     1 ||    16
       Potion            |       |       |     4 |    13 |     3 ||    20
 Stab: Sleeping          |     7 |     8 |       |       |       ||    15
       Invisible         |       |     2 |       |       |       ||     2
       Distracted        |       |       |       |     1 |       ||     1
Armor: Robe              |     8 |       |       |       |       ||     8
       Leather armour    |     7 |    92 |       |       |       ||    99
       Chain mail        |       |    17 |   200 |   212 |    97 ||   526
Dodge: Dodged            |    55 |   174 |   100 |   141 |    59 ||   529
Block: Buckler           |       |       |       |   105 |    82 ||   187
       Other             |       |       |       |       |    15 ||    15
       Reflection        |       |       |       |       |     9 ||     9

Table legend: (Time is in decaauts)
 A = Elapsed time spent in this place.
 B = Non-inter-level travel time spent in this place.
 C = Inter-level travel time spent in this place.
 D = Time resting spent in this place.
 E = Time spent auto-exploring this place.
 F = Levels seen in this place.
 G = Mean time per level.
                   A        B        C        D        E       F      G
               +--------+--------+--------+--------+--------+-----+--------+
         Total |  22473 |  21410 |   1063 |   4900 |  11826 |  20 | 1123.7 |
       Dungeon |  15869 |  15113 |    756 |   2990 |   8812 |  12 | 1322.4 |
        Temple |    485 |    353 |    132 |      0 |    350 |   1 |  485.0 |
          Lair |   2989 |   2829 |    160 |   1030 |   1351 |   3 |  996.3 |
  Orcish Mines |   2301 |   2286 |     15 |    749 |    976 |   2 | 1150.5 |
         Sewer |    297 |    297 |      0 |    131 |    106 |   1 |  297.0 |
        Bailey |    530 |    530 |      0 |      0 |    231 |   1 |  530.0 |
               +--------+--------+--------+--------+--------+-----+--------+

Top non-repeatable levels by time:
    D:11: 2255 daAuts
    D:12: 2048 daAuts
   Orc:2: 1667 daAuts
  Lair:2: 1535 daAuts
     D:5: 1514 daAuts
     D:6: 1440 daAuts
  Lair:1: 1416 daAuts
     D:8: 1259 daAuts
     D:2: 1253 daAuts
     D:4: 1253 daAuts
     D:9: 1227 daAuts
     D:7: 1091 daAuts
    D:10: 979 daAuts
     D:1: 889 daAuts
     D:3: 655 daAuts
